 Dungeon Crawl Stone Soup version 0.17-a0-1399-gd5b76e1 (webtiles) character file.

252 Kisielow the Carver (level 5, -2/45 HPs)
             Began as a Minotaur Chaos Knight on June 19, 2015.
             Slain by an orc
             ... wielding a +0 trident
              (5 damage)
             ... on level 4 of the Dungeon.
             The game lasted 00:06:29 (2853 turns).

Kisielow the Carver (Minotaur Chaos Knight)         Turns: 2853, Time: 00:06:29

Health: -2/45      AC: 14    Str: 17 (18) XL:     5   Next: 89%
Magic:  4/4        EV:  7    Int:  9      God:    Xom [..*...]
Gold:   213        SH:  0    Dex:  5 (7)  Spells: 0 memorised, 4 levels left

rFire  . . .     SeeInvis .     a - +0 falchion (chaos)
rCold  . . .     Clarity  +     i - +0 chain mail
rNeg   . . .     SustAt   .     (no shield)
rPois  .         Gourm    .     (helmet restricted)
rElec  .         Spirit   .     (no cloak)
rCorr  .         Warding  .     e - +2 pair of gloves
rMut   .         Stasis   .     x - +1 pair of boots
MR     .....                    s - amulet of clarity
Stlth  ..........               (no ring)
                                (no ring)

@: not resistant to hostile enchantments, extremely unstealthy
A: retaliatory headbutt, horns 2, blurry vision 1, clumsy 1, deterioration 1,
sense surroundings 1
a: Renounce Religion


You were on level 4 of the Dungeon.
You worshipped Xom.
You were a toy of Xom.
You were hungry.

You visited 1 branch of the dungeon, and saw 4 of its levels.

You collected 213 gold pieces.

Inventory:

Hand weapons
 a - a +0 falchion of chaos (weapon)
 p - a +0 long sword
Armour
 e - a +2 pair of gloves (worn)
 i - a +0 chain mail (worn)
 t - a +0 cloak
 x - a +1 pair of boots (worn)
Jewellery
 s - an amulet of clarity (around neck)
Magical devices
 l - a wand of polymorph (3)
 v - a wand of magic darts (37)
Scrolls
 d - 4 scrolls of remove curse
 g - a scroll of noise {unknown}
 o - a scroll of identify
Potions
 b - a potion of curing
 h - a potion of brilliance
 n - 2 potions of agility
Comestibles
 c - 2 bread rations
 f - 3 meat rations
 j - a slice of pizza
 k - 2 chunks of flesh
 m - 2 beef jerkies
 q - a royal jelly
 r - 4 fruits


   Skills:
 - Level 3.6 Fighting
 + Level 8.0 Long Blades
 - Level 2.4 Armour
 - Level 1.1 Dodging


You had 4 spell levels left.
You didn't know any spells.

Dungeon Overview and Level Annotations

Branches:
Dungeon (4/15)
 Temple: D:4-7

Altars:


Innate Abilities, Weirdness & Mutations

You reflexively headbutt those who attack you in melee.
You have a pair of horns on your head.
Scrolls take you a little longer to read.
You are clumsy. (Dex -2)
Your body sometimes deteriorates upon taking damage.
You passively map a small area around you.


Message History

* * * LOW HITPOINT WARNING * * *
The orc hits you but does no damage.
Your chain mail prevents you from hitting something.
Something hits you.
* * * LOW HITPOINT WARNING * * *
The orc hits you but does no damage. The orc barely misses you.
You hit something.
Nothing appears to happen.
You headbutt something. Something hits you but does no damage.
The orc hits you but does no damage.
You hit something but do no damage. The orc barely misses you.
Something hits you but does no damage.
You hit something but do no damage. The orc hits you but does no damage.
The orc hits you from afar with a trident.
* * * LOW HITPOINT WARNING * * *
You hear some strange, mumbled words.
You hit something but do no damage. The orc hits you but does no damage.
The orc hits you but does no damage.
You hit something.
Nothing appears to happen.
You headbutt something. The orc hits you but does no damage.
The orc hits you from afar with a trident.
You die...

,
,#...).[........#
, ,
#..............#
,,,
,+..............#
,* *
*#.####.####...##
##+####.####...#
...............#
, , ,
#####..........+
, _##.(.......* ,
,* * #)@##..##.*
,, * * #o{# ..# ,
* ,...go,,..+
........ ..#
........... .#, ,
..%...<..... , ,
, #+####......# ,
#......# * , ,, ,


You could see 2 orcs and a hobgoblin.

Vanquished Creatures
  A phantom (D:4)
  An orc wizard (D:3)
  Jessica (D:3)
  4 adders
  A gnoll (D:1)
  5 worms
  4 giant geckos
  8 orcs
  4 bats
  A bat skeleton (D:4)
  4 hobgoblins
  A jackal (D:1)
  8 kobolds
  2 giant cockroaches (D:1)
  2 giant newts
  6 goblins
  A quokka (D:2)
  5 rats
59 creatures vanquished.

Vanquished Creatures (others)
  An orc (D:3)
  A giant cockroach (D:3)
  A giant newt (D:3)
3 creatures vanquished.

Grand Total: 62 creatures vanquished

Notes
Turn   | Place    | Note
--------------------------------------------------------------
     0 | D:1      | Kisielow the Minotaur Chaos Knight began the quest for the Orb.
     0 | D:1      | Reached XP level 1. HP: 19/19 MP: 0/0
     3 | D:1      | XOM: harmless Ice miscast
   237 | D:1      | Reached skill level 4 in Long Blades
   270 | D:1      | Reached XP level 2. HP: 26/26 MP: 1/1
   459 | D:1      | Reached skill level 5 in Long Blades
   556 | D:1      | Reached XP level 3. HP: 31/31 MP: 2/2
   614 | D:1      | XOM: harmless Trmt miscast
   717 | D:1      | XOM: mild Pois miscast
   793 | D:2      | XOM: noise
  1706 | D:2      | Reached XP level 4. HP: 37/39 MP: 3/3
  1729 | D:2      | Reached skill level 6 in Long Blades
  1945 | D:2      | XOM: mild Tloc miscast
  1946 | D:2      | Noticed a spatial vortex
  2153 | D:3      | XOM: noise
  2382 | D:3      | XOM: 2-stop teleportation journey
  2383 | D:3      | XOM: medium Pois miscast
  2393 | D:3      | XOM: potion effect (invisibility)
  2417 | D:3      | Gained mutation: You have a pair of large horns on your head. [potion of mutation]
  2417 | D:3      | Gained mutation: You passively map a small area around you. [potion of mutation]
  2417 | D:3      | Lost mutation: You have a pair of large horns on your head. [potion of mutation]
  2436 | D:3      | Gained mutation: Your body sometimes deteriorates upon taking damage. [potion of mutation]
  2436 | D:3      | Gained mutation: You are clumsy. (Dex -2) [potion of mutation]
  2436 | D:3      | Gained mutation: Scrolls take you a little longer to read. [potion of mutation]
  2592 | D:3      | Noticed Jessica
  2598 | D:3      | Killed Jessica
  2598 | D:3      | Reached skill level 7 in Long Blades
  2598 | D:3      | Reached XP level 5. HP: 45/45 MP: 4/4
  2742 | D:4      | XOM: harmless Tloc miscast
  2761 | D:4      | Noticed a phantom
  2771 | D:4      | XOM: confuse monster(s)
  2799 | D:4      | XOM: harmless Air miscast
  2808 | D:4      | Killed a phantom
  2808 | D:4      | Reached skill level 8 in Long Blades
  2851 | D:4      | HP: 2/45 [orc/trident (5)]
  2853 | D:4      | Slain by an orc

Vault maps used:
D:1:      dpeg_arrival_castle
D:3:      first_bread, serial_bayou_lake_a, uniq_jessica
D:4:      gammafunk_temple_overflow_elements, lightli_temple_of_fire,
          lemuel_temple_firewalk_marked, serial_shops, shop, uniq_edmund

Action                   |  1- 3 |  4- 6 || total
-------------------------+-------+-------++-------
Melee: Falchion          |    82 |   126 ||   208
  Use: Scroll            |       |     6 ||     6
       Potion            |       |     6 ||     6
 Stab: Petrified         |     2 |       ||     2
       Petrifying        |     1 |       ||     1
       Invisible         |       |     1 ||     1
  Eat: Meat ration       |     1 |       ||     1
       Chunk             |       |     1 ||     1
